 Dungeon Crawl Stone Soup version 0.31-a0-232-gb1c03b2570 (webtiles) character file.

Game seed: 10943677522301519217

128 qw the Shooter (level 4, -8/38 HPs)
             Began as a Minotaur Hexslinger on July 7, 2023.
             Mangled by Edmund
             ... wielding a +0 dire flail of holy wrath
              (11 damage)
             ... on level 4 of the Dungeon.
             The game lasted 00:00:57 (2463 turns).

qw the Shooter (Minotaur Hexslinger)                Turns: 2463, Time: 00:00:58

Health: -8/38      AC:  4    Str: 13    XL:     4   Next: 86%
Magic:  0/4        EV: 12    Int: 10    God:
Gold:   108        SH:  0    Dex: 14    Spells: 4/5 levels left

rFire   . . .        Y - +0 shortbow
rCold   . . .        (shield currently unavailable)
rNeg    . . .        g - +1 leather armour {Will+}
rPois   .            (helmet restricted)
rElec   .            (no cloak)
rCorr   .            (no gloves)
SInv    .            (no boots)
Will    +....        f - amulet of guardian spirit
Stlth   +            (no ring)
HPRegen 0.26/turn    (no ring)
MPRegen 0.09/turn

%: guardian spirit
@: no status effects
A: horns 2, retaliatory headbutt
a: no special abilities


You were on level 4 of the Dungeon.
You visited 1 branch of the dungeon, and saw 4 of its levels.

You collected 147 gold pieces.
You spent 39 gold pieces at shops.


Innate Abilities, Weirdness & Mutations

You have a pair of horns on your head.
You reflexively headbutt those who attack you in melee.


   Skills:
 - Level 3.0 Fighting
 + Level 5.0 Ranged Weapons
 - Level 2.1 Dodging
 - Level 1.0 Spellcasting
 - Level 2.0 Hexes


You had 4 spell levels left.
You knew the following spells:

 Your Spells              Type           Power      Damage    Failure   Level
a - Slow                  Hex            16%        N/A       19%         1

Your spell library contained the following spells:

 Spells                   Type           Power      Damage    Failure   Level
 Inner Flame              Hex/Fire       2%         N/A       65%         3
 Portal Projectile        Hex/Tloc       4%         N/A       65%         3
 Cause Fear               Hex            2%         N/A       88%         4

Inventory:

Hand Weapons
 Y - a +0 shortbow (weapon)
Armour
 g - a +1 leather armour of willpower (worn)
Jewellery
 f - an amulet of guardian spirit (around neck)
Scrolls
 a - a scroll of identify
 c - a scroll of enchant armour
Potions
 b - a potion of curing
 d - 2 potions of resistance
 e - 2 potions of cancellation {unknown}
 h - a potion of berserk rage {unknown}

Dungeon Overview and Level Annotations

Branches:
Dungeon (4/15)
 Temple: D:4-7

Altars:

Shops:
D:1 (

Annotations:
D:4 Edmund


Message History

Enter note:
Enter note:
Enter note:
Enter note: You shoot an arrow.
The arrow hits Edmund but does no damage.
You shoot an arrow. The arrow closely misses Edmund.
You shoot an arrow. The arrow hits Edmund.
Edmund is lightly wounded.
Edmund misses you.
Edmund hits you with a +0 dire flail of holy wrath!
You shoot an arrow. The arrow completely misses Edmund.
Edmund misses you.
You shoot an arrow.
The arrow hits Edmund but does no damage.
Edmund is lightly wounded.
Edmund closely misses you.
You shoot an arrow.
The arrow hits Edmund but does no damage.
Edmund is lightly wounded.
Edmund hits you with a +0 dire flail of holy wrath.
You shoot an arrow. The arrow closely misses Edmund.
Edmund barely misses you. x2
You shoot an arrow. The arrow hits Edmund!
Edmund is moderately wounded.
Edmund hits you with a +0 dire flail of holy wrath!
You shoot an arrow. The arrow closely misses Edmund.
Edmund hits you with a +0 dire flail of holy wrath!
You shoot an arrow.
The arrow hits Edmund but does no damage.
Edmund is moderately wounded.
Edmund says, "You wouldn't believe how much I paid for this flail."
Edmund hits you with a +0 dire flail of holy wrath.
You shoot an arrow. The arrow hits Edmund.
Edmund is moderately wounded.
Edmund hits you with a +0 dire flail of holy wrath.
You shoot an arrow. The arrow completely misses Edmund.
Edmund hits you with a +0 dire flail of holy wrath.
Edmund hits you with a +0 dire flail of holy wrath!
You die...

..............# ..............#
..............## ...)......#.....
................
.................
................. #.@@.........
####......... #..........
##......... #......##
#################.....#.....
##..............#............ .
#.........(.....'...........####.
................#.............##.


You could see Edmund.

Vanquished Creatures
  Ijyb (D:3)
  3 adders
  3 worms
  A dart slug (D:1)
  5 ball pythons
  6 endoplasms
  4 giant cockroaches
  7 goblins
  5 hobgoblins
  7 kobolds
  4 quokkas
  4 bats
  9 frilled lizards
  4 rats
63 creatures vanquished.

Notes
Turn   | Place    | Note
-------+----------+-------------------------------------------
     0 | D:1      | qw the Minotaur Hexslinger began the quest for the Orb.
     0 | D:1      | Reached XP level 1. HP: 16/16 MP: 1/1
     0 | D:1      | 0 ||| qw: Version: 0.3-a-46-gb1f654a
     0 | D:1      | 0 ||| qw: Game counter: 2431
     0 | D:1      | 0 ||| qw: Melee chars always use a shield: true
     0 | D:1      | 0 ||| qw: God list: Okawaru
     0 | D:1      | 0 ||| qw: Allow faded altars: false
     0 | D:1      | 0 ||| qw: Do Orc after clearing Dungeon:15 true
     0 | D:1      | 0 ||| qw: Do second Lair branch before Depths: true
     0 | D:1      | 0 ||| qw: Lair rune preference: random
     0 | D:1      | 0 ||| qw: Goals: Normal
     0 | D:1      | 0 ||| PLANNING D:1-11
   182 | D:1      | Reached skill level 3 in Ranged Weapons
   184 | D:1      | Reached XP level 2. HP: 23/23 MP: 2/2
   413 | D:1      | Found Erafului's Weapon Shop.
   421 | D:1      | 421 ||| BUYING +0 shortbow (39 gold).
   421 | D:1      | Bought a +0 shortbow for 39 gold pieces
   421 | D:1      | 421 ||| SWAPPING to +0 shortbow.
   422 | D:1      | 422 ||| DROPPING +1 sling.
   660 | D:1      | 660 ||| UPGRADING to +0 leather armour.
   670 | D:1      | 670 ||| DROPPING +0 robe.
   671 | D:1      | 671 ||| UPGRADING to +1 leather armour of willpower.
   681 | D:1      | 681 ||| DROPPING +0 leather armour.
   682 | D:1      | 682 ||| UPGRADING to amulet of guardian spirit.
   687 | D:1      | 687 ||| READING scroll labelled QICYIL HEUMUN.
   688 | D:1      | 688 ||| READING scroll labelled SIMEUPR MOMOTO.
   689 | D:1      | 689 ||| READING scroll labelled PUMOGIO KEYKU.
   690 | D:1      | 690 ||| DROPPING scroll of poison.
   789 | D:2      | Reached XP level 3. HP: 29/29 MP: 3/3
   890 | D:2      | Reached skill level 4 in Ranged Weapons
  1148 | D:2      | Found a faded altar of an unknown god.
  1366 | D:2      | 1366 ||| READING scroll labelled KEASOMI JULO.
  1414 | D:2      | 1414 ||| READING scroll labelled TOICOJ KEEFF.
  1415 | D:2      | 1415 ||| DRINKING 2 green potions.
  1416 | D:2      | 1416 ||| READING 3 scrolls of identify.
  1416 | D:2      | 1416 ||| IDENTIFYING lumpy inky potion
  1417 | D:2      | 1417 ||| DROPPING potion of lignification.
  1476 | D:3      | Reached XP level 4. HP: 36/36 MP: 4/4
  1575 | D:3      | Noticed Ijyb
  1592 | D:3      | Killed Ijyb
  1593 | D:3      | Reached skill level 5 in Ranged Weapons
  2196 | D:3      | 2196 ||| READING 2 scrolls labelled NUCIWEMM RINE.
  2197 | D:3      | 2197 ||| READING scroll labelled RALULALEUWN.
  2200 | D:3      | 2200 ||| READING scroll labelled KUMIULONGE.
  2301 | D:3      | 2301 ||| READING 2 scrolls of identify.
  2301 | D:3      | 2301 ||| IDENTIFYING ruby potion
  2346 | D:4      | Reached skill level 3 in Fighting
  2450 | D:4      | Noticed Edmund
  2461 | D:4      | HP: 6/38 [Edmund/+0 dire flail of holy wrath (4)]
  2463 | D:4      | Mangled by Edmund

Levels and vault maps discovered:
D:1:      heliophobic_arrival_dark_side_of_the_moon, layout_basic, serial_shops,
          nicolae_shop_hallway_plus
D:2:      layout_rooms, nicolae_ecumenical_snake_handling, minmay_pentomino_pile
D:3:      layout_loops_ring, uniq_ijyb
D:4:      layout_cave_pools, nrook_uturn, uniq_edmund, uniq_natasha

Skill      XL: |  1  2  3  4 |
---------------+-------------+-----
Ranged Weapons | 3 4 5 |  5.0
Fighting       | 2 3 |  3.0
Dodging        | |  2.1
Spellcasting   | |  1.0
Hexes          | |  2.0

Action                     |  1- 3 |  4- 6 || total
---------------------------+-------+-------++-------
   Fire: Sling             |    34 |       ||    34
         Shortbow          |    85 |    89 ||   174
    Use: Scroll            |     6 |     4 ||    10
         Potion            |     1 |       ||     1
 Armour: Leather armour    |     6 |    13 ||    19
         Robe              |     2 |       ||     2
  Dodge: Dodged            |    26 |    20 ||    46

Table legend:
 A = Non-vault XP
 B = Vault XP
 C = Vault XP percentage of total XP
 D = Non-vault monster count
 E = Vault monster count
 F = Vault count percentage of total count
                 A         B        C        D         E       F
            +---------+---------+-------+---------+---------+-------
      Total |     107 |      76 |  41.5 |      54 |       9 |  14.3
            +---------+---------+-------+---------+---------+-------
        D:1 |      35 |       0 |   0.0 |      21 |       0 |   0.0
        D:2 |      15 |      41 |  73.2 |      10 |       8 |  44.4
        D:3 |      46 |      35 |  43.2 |      17 |       1 |   5.6
        D:4 |      11 |       0 |   0.0 |       6 |       0 |   0.0
            +---------+---------+-------+---------+---------+-------
